 Dungeon Crawl Stone Soup version 0.30-a0-553-g7fabdf1491 (webtiles) character file.

Game seed: 4149975374422636988

7053 experimilk the Destroyer (level 10, 0/67 (75) HPs)
             Began as a Purple Draconian Conjurer on Dec 26, 2022.
             Was a Follower of Vehumet.
             Hit by a stone thrown by a tengu warrior (18 damage)
             ... on level 8 of the Dungeon.
             The game lasted 00:39:11 (13771 turns).

experimilk the Destroyer (DrCj)                    Turns: 13771, Time: 00:39:11

HP:   0/67 (75)     AC: 10    Str: 10    XL:     10   Next: 83%
MP:   1/22          EV: 11    Int: 35    God:    Vehumet [*.....]
Gold: 93            SH:  2    Dex:  9    Spells: 12/26 levels left

rFire   . . .      SeeInvis .    B - +0 spear (vorpal)
rCold   . . .      Faith    .    F - +0 buckler
rNeg    . . .      Spirit   .    (body armour unavailable)
rPois   .          Reflect  .    (helmet restricted)
rElec   .          Harm     .    v - +1 cloak
rCorr   .          Rampage  .    s - +0 pair of gloves
Will    +....                    (no boots)
Stlth   ++                       e - amulet of the acrobat
HPRegen 0.31/turn                o - +6 ring of intelligence
MPRegen 0.18/turn                D - +6 ring of intelligence

@: about to teleport, flying, heavily drained
A: breathe power, AC +7, unfitting armour, cold-blooded, big wings, claws 1,
robust 1
a: Breathe Dispelling Energy, Renounce Religion


You were on level 8 of the Dungeon.
You worshipped Vehumet.
Vehumet was aware of your devotion.
You visited 2 branches of the dungeon, and saw 9 of its levels.
You also visited: Bailey.

You collected 590 gold pieces.
You spent 497 gold pieces at shops.

Inventory:

Hand Weapons
 d - a +0 dagger
 h - a +0 short sword
 l - a +0 vampiric trident
 B - a +0 vorpal spear (weapon)
Missiles
 g - 2 throwing nets
Armour
 s - a +0 pair of gloves (worn)
 v - a +1 cloak (worn)
 F - a +0 buckler (worn)
Magical Staves
 p - a staff of cold
 q - a staff of earth
Jewellery
 e - an amulet of the acrobat (around neck)
 o - a +6 ring of intelligence (left hand)
 D - a +6 ring of intelligence (right hand)
Wands
 A - a wand of iceblast (11)
 H - a wand of mindburst (3)
Scrolls
 a - a scroll of silence
 b - 3 scrolls of vulnerability
 c - a scroll of immolation {unknown}
 f - a scroll of fog
 j - a scroll of amnesia {unknown}
 n - 2 scrolls of teleportation
 x - a scroll of fear {unknown}
 y - a scroll of magic mapping
 z - a scroll of brand weapon {unknown}
 G - 3 scrolls of identify
 K - a scroll of poison
Potions
 i - 9 potions of curing
 k - 5 potions of lignification
 m - 3 potions of attraction
 t - 4 potions of heal wounds
 u - 2 potions of invisibility
 w - 2 potions of resistance
 C - a potion of brilliance {unknown}
 I - 2 potions of mutation
 J - 2 potions of might
 L - a potion of cancellation {unknown}


   Skills:
 - Level 1.7 Dodging
 - Level 1.7 Stealth
 + Level 8.8 Spellcasting
 - Level 13.0 Conjurations
 - Level 5.0 Translocations
 * Level 6.2 Ice Magic


You had 12 spell levels left.
You knew the following spells:

 Your Spells              Type           Power      Damage    Failure   Level
a - Ozocubu's Armour      Ice            56%        N/A       1%          3
b - Magic Dart            Conj           100%       1d8       1%          1
q - Blink                 Tloc           100%       N/A       1%          2
v - Momentum Strike       Conj/Tloc      100%       3d10      1%          2
x - Iskenderun's Mystic   Conj/Tloc      68%        2d14      1%          4
z - Searing Ray           Conj           100%       2d8       1%          2

Your spell library contained the following spells:

 Spells                   Type           Power      Damage    Failure   Level
 Freeze                   Ice            100%       1d10      1%          1
 Dazzling Flash           Conj/Hex       100%       N/A       1%          3
 Lesser Beckoning         Tloc           100%       N/A       1%          3
 Stone Arrow              Conj/Erth      100%       3d13      1%          3
 Fulminant Prism          Conj/Hex       28%        3d13      2%          4
 Sandblast                Erth           30%        2d9       3%          1
 Passwall                 Tmut/Erth      12%        N/A       6%          2
 Ozocubu's Refrigeration  Ice            28%        4d13      94%         7


Dungeon Overview and Level Annotations

Branches:
Dungeon (8/15)             Temple (1/1) D:6          Bailey (visited)
   Lair: D:8-11

Altars:
Ashenzari
Cheibriados
Elyvilon
Fedhas
Gozag
Hepliaklqana
Makhleb
Nemelex Xobeh
Okawaru
Qazlal
Ru
Sif Muna
Uskayaw
Vehumet
Wu Jian
Xom
Yredelemnul
Zin
The Shining One

Shops:
D:4 :(:!?

Annotations:
D:2 Sigmund
D:3 1 transporter, Imper's ghost, amateur KoBr


Innate Abilities, Weirdness & Mutations

You can breathe bolts of dispelling energy.
Your rich purple scales are hard. (AC +7)
You cannot fit into any form of body armour.
You are cold-blooded and may be slowed by cold attacks.
Your large and strong wings let you fly.
You have sharp fingernails.
You are robust. (+10% HP)


Message History

The searing ray hits the tengu warrior but does no damage.
The tengu warrior is moderately wounded.
The tengu warrior barely misses you.
The tengu warrior pecks you but does no damage.
The tengu warrior misses you.
The searing ray misses the tengu warrior.
The tengu warrior hits you with a +2 war axe of draining.
You feel drained.
The tengu warrior completely misses you.
The tengu warrior claws you but does no damage.
The searing ray hits the tengu warrior!
The tengu warrior is heavily wounded.
You finish channelling your searing ray.
The tengu warrior completely misses you. x3
As you read the scroll of teleportation, it crumbles to dust.
You feel strangely unstable.
The tengu warrior hits you with a +2 war axe of draining!
You feel drained.
The tengu warrior pecks you but does no damage.
The tengu warrior claws you but does no damage.
Unknown command.
You barely miss the tengu warrior.
The tengu warrior is heavily wounded.
The tengu warrior hits you with a +2 war axe of draining!
* * * LOW HITPOINT WARNING * * *
You feel drained.
* * * LOW HITPOINT WARNING * * *
The tengu warrior pecks you but does no damage.
The tengu warrior claws you but does no damage.
Blink to where?
Press: ? - help, Q - select action, (/) - cycle Dir - move target, p - tengu warrior Your icy armour will break if you move.
Continue?
Your icy armour cracks and falls away as you move.
As you read the scroll of blinking, it crumbles to dust.
You are no longer robbed of momentum.
Your surroundings suddenly seem different.
As you read the scroll of teleportation, it crumbles to dust.
You feel strangely unstable.
The tengu warrior throws a stone.
The stone hits you!!
You die...

.....###..###.#
...###..#.###.##
.###....#.?##..#
##..#####...#..# ..
#......## #..##...##
#..##....# ### #......#.##
## ....#...#..#@.#### ..##
#..#...#........#
.#..####.............#
.#.#..###.†..........#
.#.#.#...)Q..........#
.#.#w.###.#.......#.###
.#..###......^.##.._..#
..###...#...##....#.#.####
###.......####.#.........#


You could see a tengu warrior.

Vanquished Creatures
  An orc knight (Bailey)
  A deep elf zephyrmancer (Bailey)
  Joseph (D:7)
  A kobold demonologist (D:8)
  2 trolls (D:8)
  Prince Ribbit (D:8)
  A vampire (D:8)
  A yak (D:8)
  2 steam dragons
  A swamp worm (shapeshifter) (D:8)
  2 water moccasins
  4 black bears
  5 orc warriors (Bailey)
  A sky beast (D:8)
  4 ice beasts
  An ogre (D:5)
  3 phantoms
  2 kobold brigands
  4 bullfrogs
  A gnoll sergeant (D:7)
  3 scorpions
  A necrophage (D:5)
  4 wights (D:8)
  3 killer bees (D:5)
  5 howler monkeys
  6 hounds
  Crazy Yiuf (D:7)
  4 jellies
  7 orc priests
  3 gnoll boudas
  5 iguanas
  6 orc wizards
  14 gnolls
  9 adders
  2 shadow imps
  2 white imps
  2 ufetubi
  2 worms
  6 dart slugs
  40 orcs
  11 ball pythons
  4 endoplasms
  7 giant cockroaches
  7 goblins
  5 hobgoblins
  6 jackals (D:3)
  6 quokkas
  8 bats
  2 frilled lizards (D:1)
  15 kobolds
  3 rats
238 creatures vanquished.

Notes
Turn   | Place    | Note
-------+----------+-------------------------------------------
     0 | D:1      | experimilk the Draconian Conjurer began the quest for the
                  | Orb.
     0 | D:1      | Reached XP level 1. HP: 14/14 MP: 3/3
   322 | D:1      | Reached XP level 2. HP: 20/20 MP: 0/5
   325 | D:1      | Learned a level 2 spell: Searing Ray
  1251 | D:2      | Reached XP level 3. HP: 26/26 MP: 4/6
  1526 | D:2      | Reached skill level 5 in Conjurations
  1574 | D:2      | Learned a level 2 spell: Momentum Strike
  1706 | D:2      | Noticed Sigmund
  2291 | D:2      | Reached XP level 4. HP: 30/33 MP: 3/8
  2306 | D:2      | Learned a level 2 spell: Blink
  3341 | D:3      | Noticed Imper's ghost (amateur KoBr)
  3343 | D:3      | Found a transporter.
  3345 | D:3      | Noticed an ogre
  3348 | D:3      | Noticed an ogre
  3708 | D:3      | Reached skill level 6 in Conjurations
  3708 | D:3      | Reached XP level 5. HP: 28/38 MP: 1/9
  4158 | D:4      | Found Apsugh's Book Emporium.
  4218 | D:4      | Found Gecrec's Distillery.
  4224 | D:4      | Bought a potion of invisibility for 112 gold pieces
  4224 | D:4      | Bought a potion of curing for 42 gold pieces
  4232 | D:4      | Found Muinoyn's Magic Scroll Emporium.
  4266 | D:4      | Bought 3 scrolls of noise for 33 gold pieces
  4556 | D:4      | Found Jeac's Weapon Boutique.
  4599 | D:4      | Reached skill level 7 in Conjurations
  4599 | D:4      | Reached XP level 6. HP: 45/45 MP: 4/10
  4661 | D:4      | Found Axtasot's Book Shoppe.
  5282 | D:4      | Learned a level 4 spell: Iskenderun's Mystic Blast
  5297 | D:5      | Entered Level 5 of the Dungeon
  5304 | D:5      | Reached skill level 8 in Conjurations
  5460 | D:5      | Your scales start taking on a rich purple colour.
  5460 | D:5      | Reached XP level 7. HP: 50/50 MP: 9/12
  5670 | D:4      | Bought a scroll of identify for 22 gold pieces
  5672 | D:4      | Gained mutation: You possess an exceptional clarity of
                  | mind. [potion of mutation]
  5672 | D:4      | Gained mutation: You occasionally lose the ability to drink
                  | potions when taking damage. [potion of mutation]
  5672 | D:4      | Gained mutation: You are agile. (Dex +4, Str/Int -1)
                  | [potion of mutation]
  5673 | D:4      | Lost mutation: You possess an exceptional clarity of mind.
                  | [potion of mutation]
  5673 | D:4      | Lost mutation: You are agile. (Dex +4, Str/Int -1) [potion
                  | of mutation]
  5673 | D:4      | Lost mutation: You occasionally lose the ability to drink
                  | potions when taking damage. [potion of mutation]
  5673 | D:4      | Gained mutation: You have hidden genetic potential. [potion
                  | of mutation]
  5673 | D:4      | Gained mutation: You are robust. (+10% HP) [potion of
                  | mutation]
  6061 | D:5      | Reached skill level 9 in Conjurations
  6064 | D:5      | Reached skill level 1 in Translocations
  6147 | D:5      | Reached XP level 8. HP: 62/62 MP: 8/14
  6165 | D:5      | Gained mutation: Your large and strong wings let you fly.
                  | [hidden potential]
  7246 | D:6      | Reached skill level 5 in Spellcasting
  7246 | D:6      | Reached skill level 10 in Conjurations
  7781 | D:6      | Found a blossoming altar of Fedhas.
  7782 | D:6      | Found a burning altar of Makhleb.
  7809 | D:6      | Found a sparkling altar of Nemelex Xobeh.
  7988 | D:6      | Reached skill level 11 in Conjurations
  8190 | D:7      | Found a flagged portal.
  8199 | Bailey   | Entered a bailey
  8604 | Bailey   | Reached XP level 9. HP: 55/68 MP: 2/17
  8729 | Bailey   | Gained mutation: You have sharp fingernails. [hidden
                  | potential]
  8729 | Bailey   | Lost mutation: You have hidden genetic potential. [hidden
                  | potential expressed]
  8957 | Bailey   | Found a large runed translucent door.
  8957 | Bailey   | Found a large runed translucent door.
  8957 | Bailey   | Noticed an orc knight
  9001 | Bailey   | Killed an orc knight
  9352 | Bailey   | Noticed a deep elf zephyrmancer
  9633 | Bailey   | Killed a deep elf zephyrmancer
  9634 | Bailey   | Reached skill level 12 in Conjurations
 10238 | D:7      | Found a hide-covered altar of Uskayaw.
 10251 | D:7      | Reached skill level 5 in Translocations
 10821 | D:7      | Reached XP level 10. HP: 48/75 MP: 10/20
 11085 | D:7      | Noticed Joseph
 11103 | D:7      | Killed Joseph
 11104 | D:7      | Reached skill level 13 in Conjurations
 11395 | D:4      | Bought Ozocubu's Autobiography for 288 gold pieces
 11399 | D:4      | Learned a level 3 spell: Ozocubu's Armour
 11581 | D:7      | Found a runed translucent door.
 11582 | D:7      | Noticed Crazy Yiuf
 11675 | D:7      | Killed Crazy Yiuf
 11830 | D:5      | Reached skill level 1 in Ice Magic
 12372 | D:6      | Found a staircase to the Ecumenical Temple.
 12377 | Temple   | Entered the Ecumenical Temple
 12385 | Temple   | Became a worshipper of Vehumet
 12944 | D:8      | Found a shimmering blue altar of Sif Muna.
 12975 | D:8      | Noticed Prince Ribbit
 12990 | D:8      | Killed Prince Ribbit
 13234 | D:8      | Found a broken altar of Ashenzari.
 13416 | D:8      | Found a snail-covered altar of Cheibriados.
 13550 | D:8      | Reached * piety under Vehumet
 13550 | D:8      | Offered knowledge of Freeze by Vehumet.
 13551 | D:8      | Reached skill level 5 in Ice Magic
 13758 | D:8      | Noticed a tengu warrior
 13771 | D:8      | Hit by a stone thrown by a tengu warrior

Illustrated notes

Levels and vault maps discovered:
D:1:      kennysheep_arrival_seaside, layout_loops_ring
D:2:      layout_basic, minmay_pentomino_r2, uniq_sigmund
D:3:      layout_loops_ring, gammafunk_ghost_smash
D:4:      layout_loops_ring, serial_shops, shop, shop_fountains, shop,
          nicolae_shop_behind_doors, nicolae_shop_crystal, kennysheep_dice
D:5:      layout_loops_cross, minivault_11, minmay_fractal_squares_diagonal_5
D:6:      layout_gridville, kennysheep_mini_moat,
          nicolae_overflow_two_pavilions, minmay_temple_entry_from_below_a
D:7:      layout_gridville, nicolae_uskayaw_dance_studio, enter_bailey_3,
          uniq_joseph, uniq_crazy_yiuf_cottage
D:8:      minmay_the_grid_triangle_9x9_rhombus_thin
          [minmay_the_grid_triangle_9x9_checkered,
          minmay_the_grid_triangle_9x9_prize_top_heavy,
          minmay_the_grid_triangle_9x9_wacky_v,
          minmay_the_grid_triangle_9x9_flanged_cone], layout_rooms,
          lemuel_crystal_altar, marbit_many_paths, mainiacjoe_overflow_alcove_1,
          nzn_life_drinkers, uniq_prince_ribbit1
Temple:   hellmonk_temple_two_chambers

Skill      XL: |  1  2  3  4  5  6  7  8  9 10 |
---------------+-------------------------------+-----
Conjurations   | 5 6 7 8 9 11 12 13 | 13.0
Spellcasting   | 3 4 5 7 8 |  8.8
Translocations | 1 3 5 |  5.0
Ice Magic      | 6 |  6.2
Dodging        | |  1.7
Stealth        | |  1.7

Action                   |  1- 3 |  4- 6 |  7- 9 | 10-12 || total
-------------------------+-------+-------+-------+-------++-------
Melee: Unarmed           |     8 |       |       |       ||     8
       Tailslap          |     3 |     6 |       |     2 ||    11
       Dagger            |    12 |    12 |       |       ||    24
       Short sword       |       |    30 |     5 |       ||    35
       Trident           |       |       |    16 |       ||    16
       Punch             |       |       |     1 |       ||     1
       Spear             |       |       |     1 |    13 ||    14
 Cast: Magic Dart        |    55 |    51 |    76 |    35 ||   217
       Searing Ray       |     6 |    33 |    65 |    45 ||   149
       Momentum Strike   |       |     5 |    26 |    16 ||    47
       Iskenderun's Myst |       |       |     1 |     3 ||     4
       Blink             |       |       |     2 |     1 ||     3
       Ozocubu's Armour  |       |       |       |     1 ||     1
 Abil: Breathe Dispellin |       |       |    12 |     7 ||    19
  Use: Scroll            |     2 |     4 |     6 |     4 ||    16
       Potion            |       |     1 |     6 |     2 ||     9
Armor: Skin              |     6 |    15 |    15 |    30 ||    66
Dodge: Dodged            |    16 |    55 |    62 |    76 ||   209
Block: Buckler           |       |       |     1 |     9 ||    10

Table legend: (Time is in decaauts)
 A = Elapsed time spent in this place.
 B = Non-inter-level travel time spent in this place.
 C = Inter-level travel time spent in this place.
 D = Time resting spent in this place.
 E = Time spent auto-exploring this place.
 F = Levels seen in this place.
 G = Mean time per level.
                   A        B        C        D        E       F      G
               +--------+--------+--------+--------+--------+-----+--------+
         Total |  13792 |  12712 |   1080 |   4176 |   6460 |  10 | 1379.2 |
       Dungeon |  12239 |  11164 |   1075 |   3062 |   6395 |   8 | 1529.9 |
        Temple |     14 |      9 |      5 |      0 |      0 |   1 |   14.0 |
        Bailey |   1538 |   1538 |      0 |   1114 |     65 |   1 | 1538.0 |
               +--------+--------+--------+--------+--------+-----+--------+

Top non-repeatable levels by time:
     D:5: 1852 daAuts
     D:6: 1787 daAuts
     D:7: 1727 daAuts
     D:4: 1681 daAuts
  Bailey: 1538 daAuts
     D:1: 1345 daAuts
     D:3: 1333 daAuts
     D:2: 1293 daAuts
     D:8: 1218 daAuts
  Temple: 14 daAuts
